 Dungeon Crawl Stone Soup version 0.18.1-48-g4cf74bf (webtiles) character file.

421 TuxedoFelix the Covered (level 6, -9/56 HPs)
             Began as a Minotaur Fighter on July 15, 2016.
             Splashed by Pikel's acid (14 damage)
             ... on level 5 of the Dungeon.
             The game lasted 00:21:09 (4245 turns).

TuxedoFelix the Covered (Minotaur Fighter)          Turns: 4245, Time: 00:21:10

Health: -9/56      AC: 13    Str: 22    XL:     6   Next: 62%
Magic:  5/5        EV:  7    Int:  7    God:
Gold:   172        SH: 10    Dex: 10    Spells: 0 memorised, 5 levels left

rFire  . . .     SeeInvis .     a - +2 long sword
rCold  . . .     Gourm    .     b - +0 chain mail
rNeg   . . .     Faith    .     c - +0 shield
rPois  .         Spirit   .     (helmet restricted)
rElec  .         Dismiss  .     s - +1 cloak
rCorr  .         Reflect  .     v - +0 pair of gloves
SustAt .         Harm     .     (no boots)
MR     .....                    (no amulet)
Stlth  ..........               (no ring)
                                j - +2 ring of intelligence

@: not resistant to hostile enchantments, extremely unstealthy
A: retaliatory headbutt, horns 2
a: no special abilities


You were on level 5 of the Dungeon.
You were not hungry.

You visited 1 branch of the dungeon, and saw 5 of its levels.

You collected 172 gold pieces.

Inventory:

Hand Weapons
 a - a +2 long sword (weapon)
Missiles
 p - 8 tomahawks (quivered)
Armour
 b - a +0 chain mail (worn)
 c - a +0 shield (worn)
 s - a +1 cloak (worn)
 v - a +0 pair of gloves (worn)
Jewellery
 j - a +2 ring of intelligence (left hand)
 y - an uncursed amulet of dismissal {unknown}
Scrolls
 e - 2 scrolls of blinking
 g - 2 scrolls of amnesia
 n - 2 scrolls of enchant armour {unknown}
 o - a scroll of remove curse {unknown}
 q - 2 scrolls of recharging {unknown}
 r - a scroll of random uselessness {unknown}
 A - a scroll of teleportation {unknown}
 B - a scroll of noise {unknown}
Potions
 d - 3 potions of might
 h - 3 potions of agility
 i - 2 potions of brilliance
 k - a potion of ambrosia {unknown}
 l - 2 potions of heal wounds {unknown}
 m - 2 potions of lignification {unknown}
 u - 2 potions of mutation {unknown}
 x - a potion of flight {unknown}
 z - a potion of invisibility {unknown}
Comestibles
 f - a bread ration
 w - 3 meat rations
 C - a beef jerky
 D - 3 fruits


   Skills:
 + Level 5.0 Fighting
 + Level 4.0 Long Blades
 + Level 5.6 Armour
 + Level 2.5 Dodging
 + Level 1.0 Stealth
 + Level 5.2 Shields


You had 5 spell levels left.
You didn't know any spells.

Dungeon Overview and Level Annotations

Branches:
Dungeon (5/15)
 Temple: D:4-7

Altars:
Gozag
Okawaru

Annotations:
D:5 Pikel


Innate Abilities, Weirdness & Mutations

You reflexively headbutt those who attack you in melee.
You have a pair of horns on your head.


Message History

The orc shouts!
You block the slave's attack.
Pikel zaps a wand.
The bolt of acid hits you!
The acid burns!
It is a wand of acid.
What do you say? t - Shout!
Orders for allies: a - Attack new target. r - Retreat! s - Stop attacking. w - Wait here. f - Follow me.
Anything else - Stay silent.
Okay, then.
Unknown command.
Throwing (i - inventory. (,) - cycle):
t - a throwing net (quivered)
Press: ? - help, Shift-Dir - straight line, f - Pikel
Aim: Pikel, wielding a whip of freezing, wearing a robe and carrying a wand of acid {zapped: 1} You throw a throwing net.
The throwing net hits Pikel.
Pikel is caught in the net!
The slave hits you.
Pikel zaps a wand.
The bolt of acid hits you!
* * * LOW HITPOINT WARNING * * *
The acid burns!
You die...

.<#####
#.##.#.# ###
# #.#.# #
#...# # #...#
# #...#.##
########
#.###.##
........ #
#.^.#
........
###'###
########
#..p@p#
+.....K.+
#....♣pp..#
#...♣.o.♣...#
#......o....#
#######
+..♣..♣..♣o.+
......#
#.........o.#
#####.###
..♣...♣...#
........#


You could see Pikel (caught), 4 slaves and 4 orcs.

Vanquished Creatures
  A phantom (D:4)
  2 hounds
  An orc priest (D:3)
  An orc wizard (D:4)
  An iguana (D:4)
  A worker ant (D:4)
  8 adders
  An ooze (D:1)
  An adder skeleton (D:4)
  A worm (D:2)
  A giant gecko (D:3)
  8 orcs
  9 bats
  5 giant cockroaches
  9 goblins
  9 hobgoblins
  2 jackals (D:4)
  12 kobolds
  A ball python (D:2)
  A giant gecko skeleton (D:4)
  A giant newt (D:5)
  6 rats
82 creatures vanquished.

Vanquished Creatures (others)
  An orc wizard (D:3)
1 creature vanquished.

Grand Total: 83 creatures vanquished

Notes
Turn   | Place    | Note
--------------------------------------------------------------
     0 | D:1      | TuxedoFelix the Minotaur Fighter began the quest for the Orb.
     0 | D:1      | Reached XP level 1. HP: 19/19 MP: 0/0
   164 | D:1      | Reached XP level 2. HP: 20/27 MP: 1/1
   834 | D:1      | Reached XP level 3. HP: 26/33 MP: 2/2
  1517 | D:2      | Reached XP level 4. HP: 31/40 MP: 3/3
  1756 | D:2      | Reached skill level 1 in Dodging
  2347 | D:3      | Found an opulent altar of Gozag.
  2347 | D:3      | Found an iron altar of Okawaru.
  2378 | D:3      | Reached XP level 5. HP: 28/47 MP: 4/4
  2386 | D:3      | Reached skill level 5 in Armour
  3477 | D:4      | Reached skill level 5 in Shields
  3477 | D:4      | Reached XP level 6. HP: 49/53 MP: 5/5
  3684 | D:4      | Reached skill level 5 in Fighting
  3684 | D:4      | Reached skill level 1 in Stealth
  4080 | D:5      | Entered Level 5 of the Dungeon
  4242 | D:5      | Noticed Pikel
  4242 | D:5      | Noticed a slave
  4242 | D:5      | Noticed a slave
  4242 | D:5      | Noticed a slave
  4242 | D:5      | Noticed a slave
  4245 | D:5      | Splashed by Pikel's acid

Skill      XL: |  1  2  3  4  5  6 |
---------------+-------------------+-----
Armour         | 4 5 |  5.6
Fighting       | 4 5 |  5.0
Shields        | 4 5 |  5.2
Dodging        | 1 2 |  2.5
Long Blades    | 3 4 |  4.0
Stealth        | 1 |  1.0

Action                   |  1- 3 |  4- 6 || total
-------------------------+-------+-------++-------
Melee: Long sword        |   103 |   146 ||   249
       Headbutt          |     9 |    29 ||    38
Throw: Throwing net      |       |     1 ||     1
  Use: Scroll            |       |     8 ||     8
  Eat: Bread ration      |     1 |     1 ||     2
       Beef jerky        |       |     2 ||     2
Armor: Scale mail        |    44 |    33 ||    77
       Chain mail        |       |    35 ||    35
Dodge: Dodged            |    20 |    35 ||    55
Block: Shield            |    58 |    70 ||   128
